 Dungeon Crawl Stone Soup version 0.21-a0-228-g14ccbf3 (webtiles) character file.

16785 Gorglomux the Covert (level 12, -14/95 HPs)
             Began as a Vampire Gladiator on Aug 31, 2017.
             Was a Believer of Dithmenos.
             Demolished by a six-headed hydra (16 damage)
             ... on level 2 of the Lair of Beasts.
             The game lasted 00:39:26 (15869 turns).

Gorglomux the Covert (Vampire Gladiator)           Turns: 15869, Time: 00:39:27

Health: -14/95     AC:  0    Str: 17    XL:     12   Next: 13%
Magic:  10/12      EV: 31    Int: 11    God:    Dithmenos [**....]
Gold:   674        SH:  0    Dex: 21    Spells: 9/11 levels left

rFire    . . .     SeeInvis +   (weapon currently unavailable)
rCold    + . .     Gourm    .   (shield currently unavailable)
rNeg     + + .     Faith    .   (armour currently unavailable)
rPois    +         Spirit   .   (helmet currently unavailable)
rElec    .         Reflect  .   (cloak currently unavailable)
rCorr    .         Harm     .   (gloves currently unavailable)
MR       +....                  (boots currently unavailable)
Stlth    ++++++++++             (no amulet)
HPRegen  0.12/turn              (ring currently unavailable)
MPRegen  0.13/turn              (ring currently unavailable)

@: bat-form, flying, regenerating slowly, wreathed by umbra, very quick
A: fangs 3, see invisible
a: End Transformation, Shadow Step, Renounce Religion


You were on level 2 of the Lair of Beasts.
You worshipped Dithmenos.
Dithmenos was pleased with you.
You were thirsty.
You were in vampire-bat-form.
You visited 3 branches of the dungeon, and saw 15 of its levels.
You also visited: Labyrinth.

You collected 674 gold pieces.

Inventory:

Hand Weapons
 a - a +1 rapier
 b - a +0 hunting sling (melded)
Missiles
 y - 18 sling bullets
 Z - 6 throwing nets (quivered)
Armour
 p - +1 swamp dragon scales (melded)
 Q - a +2 helmet (melded)
 R - a +2 shield (melded)
Jewellery
 u - a +3 ring of dexterity
 A - a +4 ring of strength (melded)
 M - a +2 ring of protection (melded)
Wands
 t - a wand of confusion (30/48)
 C - a wand of confusion (16/48)
 D - a wand of digging (16/24)
 P - a wand of paralysis (4/24)
Scrolls
 B - a scroll of vulnerability {unknown}
 F - a scroll of amnesia {unknown}
 G - a scroll of fog {unknown}
 H - 3 scrolls of immolation {unknown}
 I - 2 scrolls of magic mapping {unknown}
 K - 2 scrolls of blinking {unknown}
 T - a scroll of teleportation
 V - 2 scrolls of recharging
 X - 5 scrolls of remove curse
 Y - 3 scrolls of enchant weapon
Potions
 q - 19 potions of blood
 r - 2 potions of ambrosia
 v - a potion of curing {unknown}
 x - a potion of magic
 z - a potion of cancellation {unknown}
 E - a potion of mutation {!q}
 J - 3 potions of flight
 L - 2 potions of lignification
 N - 2 potions of haste
 O - 3 potions of might
 S - a potion of resistance {unknown}
 U - 4 potions of brilliance
 W - 3 potions of heal wounds
Books
 s - a book of Debilitation

   Spells                             Type                      Level
   a - Corona                         Hexes                        1
   b - Slow                           Hexes                        2
   c - Inner Flame                    Hexes/Fire                   3
   d - Portal Projectile              Hexes/Translocation          3
   e - Cause Fear                     Hexes                        4
   f - Leda's Liquefaction            Hexes/Earth                  4
 w - a book of Maledictions

   Spells                             Type                      Level
   a - Corona                         Hexes                        1
   b - Ensorcelled Hibernation        Hexes/Ice                    2
   c - Confuse                        Hexes                        3
   d - Tukima's Dance                 Hexes                        3
   e - Dazzling Spray                 Conjuration/Hexes            3


   Skills:
 - Level 9.0 Fighting
 + Level 11.6 Short Blades
 - Level 1.5 Throwing
 + Level 3.9 Armour
 - Level 10.0 Dodging
 - Level 14.0 Stealth
 + Level 3.4 Shields


You had 9 spell levels left.
You knew the following spells:

 Your Spells              Type           Power        Failure   Level  Hunger
d - Blink                 Tloc           N/A          47%         2    ###....


Dungeon Overview and Level Annotations

Branches:
Dungeon (12/15)            Temple (1/1) D:6            Lair (2/6) D:10
  Swamp: Lair:2-4    Shoals: Lair:2-4     Snake: Lair:2-4    Spider: Lair:2-4
    Orc: D:9-12

Altars:
Ashenzari
Cheibriados
Dithmenos
Elyvilon
Fedhas
Gozag
Hepliaklqana
Kikubaaqudgha
Makhleb
Nemelex Xobeh
Okawaru
Qazlal
Ru
Sif Muna
Trog
Uskayaw
Vehumet
Wu Jian
Xom
Yredelemnul
Zin
The Shining One

Shops:
D:5 }

Annotations:
D:12 KristoblXynda's ghost, journeyman DrFi


Innate Abilities, Weirdness & Mutations

You heal slowly.
You have razor-sharp teeth.
You have supernaturally acute eyesight. (SInv)
((You can survive without breathing.))


Message History

Butt: a six-headed hydra (moderately wounded, umbra)
You shoot a sling bullet!
The sling bullet hits the six-headed hydra!
The six-headed hydra is moderately butt!
Wield which item (- for none, * to show all)? (? for menu, Esc to quit)
Okay, then!
You turn into a vampire bat!
Your +0 hunting sling melds into your body!
Your +2 helmet melds into your body!
Your +2 shield melds into butt's body!
Your +1 butt dragon scales melds into your body!
Your +4 ring of strength melds into your body!
Your +2 ring of protection melds into your body!
Butt feel weaker!
The six-headed hydra bites you!!! * * * don't butt
* * * The six-headed hydra bites you! * * * don't die
* * * The six-headed hydra completely misses you!
The six-headed hydra bites you!!! rip

.##..P.####.+........#
....$.....##..#.........
..##......#..#........P..
. #.......#..........#..
r........#...........#
..#....####...........
...#..####...##..P.#P.#
....##.........###.##+
##........b.....#..
........D........
#......(.....#..
##.....(.....#
#......(.....#
####........#P...#
#.###......######.
#.......(...#
#รท.###....#####


You could see a six-headed hydra.

Vanquished Creatures
  A minotaur (Lab)
  Harold (Lair:1)
  4 two-headed ogres
  A death yak (D:9)
  An ugly thing (D:9)
  Joseph (Lair:1)
  Psyche (D:8)
  2 gargoyles (D:10)
  2 komodo dragons
  3 hippogriffs
  2 wyverns
  18 yaks
  A basilisk (D:11)
  Grum (D:8)
  A hungry ghost (D:7)
  3 water moccasins
  2 porcupines
  5 ice beasts
  An orc warrior (D:9)
  3 sky beasts
  A black bear (D:8)
  A necrophage (D:9)
  7 ogres
  The ghost of p0werm0de the Shield-Bearer, an amateur DsFi (D:4)
  2 phantoms (D:8)
  8 wolves
  4 centaurs
  A crocodile (Lair:2)
  A big kobold (D:8)
  7 bullfrogs
  A wyvern skeleton (D:7)
  5 killer bees (D:9)
  A troll skeleton (Lab)
  8 wights
  2 electric eels (Lair:2)
  3 crimson imps
  2 quasits
  3 centaur skeletons
  4 jellies
  2 orc priests (D:9)
  3 bullfrog skeletons
  5 hounds
  8 orc wizards
  4 iguanas
  Jessica (D:2)
  Terence (D:2)
  A statue (D:9)
  8 worker ants
  2 hound skeletons
  Robin (D:3)
  14 adders
  A howler monkey skeleton (D:9)
  3 shadow imps
  3 oozes
  3 adder skeletons
  A worm (D:6)
  4 dart slugs
  3 leopard geckos
  34 orcs
  5 giant cockroaches
  11 goblins
  8 hobgoblins
  4 jackals (D:8)
  4 quokkas
  3 ball pythons
  A ball python skeleton (D:4)
  6 bats
  4 frilled lizards
  18 kobolds
  10 rats
292 creatures vanquished.

Vanquished Creatures (others)
  3 fungi
3 creatures vanquished.

Grand Total: 295 creatures vanquished

Notes
Turn   | Place    | Note
-------+----------+-------------------------------------------
     0 | D:1      | Gorglomux the Vampire Gladiator began the quest for the Orb.
     0 | D:1      | Reached XP level 1. HP: 16/16 MP: 1/1
    66 | D:1      | Reached XP level 2. HP: 22/22 MP: 2/2
   102 | D:1      | Reached skill level 1 in Stealth
   733 | D:2      | Reached XP level 3. HP: 24/27 MP: 3/3
   750 | D:2      | Reached skill level 2 in Stealth
  1103 | D:2      | Noticed Jessica
  1112 | D:2      | Killed Jessica
  1112 | D:2      | Reached XP level 4. HP: 32/34 MP: 4/4
  1203 | D:2      | Noticed Terence
  1215 | D:2      | Killed Terence
  1215 | D:2      | Reached skill level 3 in Stealth
  1962 | D:3      | Reached XP level 5. HP: 40/40 MP: 5/5
  2101 | D:3      | Noticed Robin
  2149 | D:3      | Killed Robin
  2149 | D:3      | Reached skill level 3 in Fighting
  2159 | D:3      | HP: 1/41 [orc/mace (5)]
  2189 | D:3      | Reached skill level 4 in Stealth
  2609 | D:4      | Reached XP level 6. HP: 45/47 MP: 6/6
  2631 | D:4      | Noticed p0werm0de's ghost (amateur DsFi)
  2655 | D:4      | Killed p0werm0de's ghost
  2655 | D:4      | Reached skill level 5 in Stealth
  3083 | D:4      | Learned a level 2 spell: Blink
  3375 | D:5      | Entered Level 5 of the Dungeon
  3378 | D:5      | Noticed an ice beast
  3404 | D:5      | Killed an ice beast
  3404 | D:5      | Reached XP level 7. HP: 53/53 MP: 7/7
  3437 | D:5      | Reached skill level 6 in Stealth
  3494 | D:5      | Found Zuleih's Gadget Shop.
  3781 | D:5      | Got a steaming leather armour
  3792 | D:5      | Identified the +3 leather armour of Limitation {rElec} (You found it on level 5 of the Dungeon)
  4045 | D:5      | Found an ornate altar of the Wu Jian Council.
  4045 | D:5      | Found an ancient bone altar of Kikubaaqudgha.
  4045 | D:5      | Found a bloodstained altar of Trog.
  4045 | D:5      | Found a glowing golden altar of the Shining One.
  4079 | D:5      | Reached skill level 7 in Stealth
  4090 | D:5      | HP: 1/55 [ice beast (11)]
  4091 | D:5      | Reached skill level 6 in Short Blades
  4091 | D:5      | Reached XP level 8. HP: 1/61 MP: 8/8
  4128 | D:5      | Found a basalt altar of Yredelemnul.
  4286 | D:5      | Found a snail-covered altar of Cheibriados.
  4501 | D:6      | Reached skill level 6 in Dodging
  4501 | D:6      | Reached skill level 8 in Stealth
  4533 | D:6      | Noticed a rust devil
  4604 | D:6      | Noticed an angel
  4624 | D:6      | Found a staircase to the Ecumenical Temple.
  4642 | Temple   | Entered the Ecumenical Temple
  5384 | D:7      | Reached skill level 9 in Stealth
  5385 | D:7      | Found a shimmering altar of Xom.
  6150 | D:7      | Reached XP level 9. HP: 68/69 MP: 9/9
  6234 | D:8      | Found a white marble altar of Elyvilon.
  6422 | D:8      | Reached skill level 6 in Fighting
  6655 | D:8      | Noticed Psyche
  6681 | D:8      | Killed Psyche
  6681 | D:8      | Reached skill level 10 in Stealth
  6725 | D:8      | Noticed Grum
  6799 | D:8      | Killed Grum
  7069 | D:8      | Reached skill level 11 in Stealth
  7593 | D:8      | Reached XP level 10. HP: 77/77 MP: 10/10
  7627 | D:8      | Found a shadowy altar of Dithmenos.
  7649 | D:8      | Became a worshipper of Dithmenos the Shadowed
  7712 | D:8      | Noticed a two-headed ogre
  7721 | D:8      | Killed a two-headed ogre
  7832 | D:9      | Noticed a two-headed ogre
  7853 | D:9      | Reached skill level 9 in Short Blades
  8169 | D:9      | Noticed a two-headed ogre
  8377 | D:9      | Killed a two-headed ogre
  8377 | D:9      | Reached skill level 9 in Dodging
  8377 | D:9      | Reached skill level 12 in Stealth
  8594 | D:9      | Noticed a brown ugly thing
  8612 | D:9      | Killed a brown ugly thing
  8652 | D:9      | Reached * piety under Dithmenos
  8854 | D:9      | Found an ancient bone altar of Kikubaaqudgha.
  8890 | D:9      | Noticed a two-headed ogre
  8899 | D:9      | Killed a two-headed ogre
  9056 | D:9      | You fall through a shaft for 2 floors!
  9337 | D:10     | Entered Level 10 of the Dungeon
  9337 | D:10     | Noticed a gargoyle
  9389 | D:10     | Noticed a gargoyle
  9392 | D:10     | Killed a gargoyle
  9392 | D:10     | Reached XP level 11. HP: 86/86 MP: 11/11
  9408 | D:10     | Noticed a two-headed ogre
  9417 | D:10     | Killed a two-headed ogre
  9417 | D:10     | Reached skill level 13 in Stealth
 10076 | D:9      | Found a radiant altar of Vehumet.
 10309 | D:9      | Reached ** piety under Dithmenos
 10390 | D:10     | Noticed a death yak
 10707 | D:9      | Killed a death yak
 11036 | D:10     | Noticed a death yak
 11042 | D:10     | Found a staircase to the Lair.
 11042 | D:10     | Noticed a death yak
 11295 | D:9      | HP: 4/87 [death yak (18)]
 12065 | D:11     | Reached skill level 1 in Armour
 12846 | D:12     | Noticed KristoblXynda's ghost (journeyman DrFi)
 12890 | Lair:1   | Entered Level 1 of the Lair of Beasts
 13081 | Lair:1   | Noticed Harold
 13106 | Lair:1   | Killed Harold
 13106 | Lair:1   | Reached skill level 14 in Stealth
 13207 | Lair:1   | Noticed Joseph
 13517 | Lair:1   | Reached skill level 9 in Fighting
 13517 | Lair:1   | Reached skill level 1 in Shields
 13553 | Lair:1   | Killed Joseph
 13823 | Lair:1   | Reached skill level 3 in Armour
 14634 | Lair:1   | Reached XP level 12. HP: 72/95 MP: 12/12
 14713 | Lair:2   | Found a labyrinth entrance.
 14722 | Lab      | Entered a labyrinth
 15752 | Lab      | Noticed a minotaur
 15754 | Lab      | Killed a minotaur
 15754 | Lab      | Reached skill level 3 in Shields
 15755 | Lab      | Identified Sif Muna's Collected Works on Creative Displacement
 15771 | Lair:2   | Noticed a six-headed hydra
 15869 | Lair:2   | HP: 2/95 [six-headed hydra (6)]
 15869 | Lair:2   | Demolished by a six-headed hydra

Vault maps used:
D:1:      dpeg_arrival_lava_temple_mockup, minmay_hexomino_p4
D:2:      uniq_jessica, uniq_terence
D:3:      first_bread, uniq_robin
D:4:      kennysheep_potato
D:5:      minmay_overflow_temple_hex, serial_shops,
          nicolae_shop_temple_entry_statues_fountains
D:6:      temple_garden
D:7:      grunt_ogre_cave, xom_teletrap_fun
D:8:      nicolae_dithmenos_the_darkroom, elyvilon_altar_3, uniq_grum,
          uniq_psyche
D:9:      vehumet_statue, basic_altar
D:10:     dpeg_lair_monsters
D:12:     erik_orc_3
Temple:   cyrus_circular_temple
Lair:1:   uniq_harold, uniq_joseph
Lair:2:   lab_entry_generic, serial_bayou, serial_bayou_pond_b,
          serial_bayou_pond_c, serial_bayou_pond_e, serial_bayou_pond_b,
          beast_lair_carwin_7, grunt_megastairs_1, infiniplex_staircase_pool,
          serial_bayou_shore_b
Lab:      nicolae_lab_big_swirl

Skill      XL: |  1  2  3  4  5  6  7  8  9 10 11 12 |
---------------+-------------------------------------+-----
Fighting       | 2 3 4 5 6 8 9 |  9.0
Stealth        | 1 2 3 4 5 7 9 11 12 14 | 14.0
Short Blades   | 4 5 6 7 8 10 11 | 11.6
Dodging        | 4 5 7 8 9 10 | 10.0
Armour         | 3 |  3.9
Shields        | 2 3 |  3.4
Throwing       | |  1.5

Action                   |  1- 3 |  4- 6 |  7- 9 | 10-12 || total
-------------------------+-------+-------+-------+-------++-------
Melee: Rapier            |    95 |   327 |   433 |   798 ||  1653
       Bite              |    10 |    31 |    59 |   139 ||   239
       Unarmed           |       |       |       |     2 ||     2
 Fire: Hunting sling     |       |       |       |    11 ||    11
Throw: Throwing net      |       |       |       |     1 ||     1
 Abil: Bat Form          |       |       |     2 |    15 ||    17
       End Transformatio |       |       |     2 |    14 ||    16
  Use: Potion            |     4 |    10 |    11 |    16 ||    41
       Scroll            |       |     4 |     7 |     9 ||    20
 Stab: Sleeping          |     2 |     3 |    16 |    24 ||    45
       Invisible         |       |       |     2 |       ||     2
       Distracted        |       |       |       |     1 ||     1
       Held in net/web   |       |       |       |     1 ||     1
Armor: Leather armour    |    23 |    10 |     1 |       ||    34
       Swamp dragon scal |       |   121 |   128 |   131 ||   380
       Skin              |       |    44 |       |       ||    44
Dodge: Dodged            |    55 |   280 |   293 |   433 ||  1061
Block: Shield            |       |       |       |   117 ||   117

Table legend:
 A = Spawn XP
 B = Non-spawn XP
 C = Spawn XP percentage of total XP
 D = Spawn monster count
 E = Non-spawn monster count
 F = Spawn count percentage of total count
 G = Total turns spent on level
                    A         B        C        D         E        F      G
               +---------+---------+-------+---------+---------+-------+---------
         Total |    4107 |   19872 |  17.1 |      57 |     235 |  19.5 | 15869
               +---------+---------+-------+---------+---------+-------+---------
           D:1 |       0 |      26 |   0.0 |       0 |      15 |   0.0 |   529
           D:2 |      14 |     135 |   9.4 |       2 |      21 |   8.7 |  1206
           D:3 |      60 |     113 |  34.7 |       8 |      33 |  19.5 |   833
           D:4 |       0 |     378 |   0.0 |       0 |      19 |   0.0 |   807
           D:5 |     181 |     613 |  22.8 |       4 |      17 |  19.0 |  1052
           D:6 |       0 |     822 |   0.0 |       0 |      19 |   0.0 |   811
           D:7 |     301 |     268 |  52.9 |       4 |       4 |  50.0 |   906
           D:8 |     944 |    2854 |  24.9 |      10 |      28 |  26.3 |  1777
           D:9 |     928 |    3814 |  19.6 |      16 |      19 |  45.7 |  2775
          D:10 |     260 |    2541 |   9.3 |       4 |      14 |  22.2 |   913
          D:11 |     325 |    1646 |  16.5 |       2 |      18 |  10.0 |   995
          D:12 |       0 |     299 |   0.0 |       0 |       3 |   0.0 |   234
        Lair:1 |    1094 |    4172 |  20.8 |       7 |      16 |  30.4 |  1603
        Lair:2 |       0 |    1057 |   0.0 |       0 |       7 |   0.0 |   338
           Lab |       0 |    1134 |   0.0 |       0 |       2 |   0.0 |  1038
               +---------+---------+-------+---------+---------+-------+---------
